 Dungeon Crawl Stone Soup version 0.30-a0-1035-g38d5fb2972 (webtiles) character file.

Game seed: 2892070546099084900

920 cheesebisquit the Ruffian (level 7, -2/62 (70) HPs)
             Began as a Troll Gladiator on Apr 8, 2023.
             Was an Initiate of Yredelemnul.
             Slain by a wight
             ... wielding a +4 great sword
              (17 damage)
             ... on level 6 of the Dungeon.
             The game lasted 00:19:11 (4282 turns).

cheesebisquit the Ruffian (Troll Gladiator)         Turns: 4282, Time: 00:19:11

HP:   -2/62 (70)    AC:  4    Str: 25    XL:     7   Next: 83%
MP:   6/6           EV: 10    Int:  4    God:    Yredelemnul [......]
Gold: 163           SH:  0    Dex: 11    Spells: 6/6 levels left

rFire   + . .      SeeInvis .      - Unarmed
rCold   + + .      Faith    .    (no shield)
rNeg    + . .      Spirit   .    n - +0 robe {rN+}
rPois   .          Reflect  .    b - +0 hat
rElec   .          Rampage  .    v - scarf {rC+ rF+}
rCorr   .                        (gloves unavailable)
Will    .....                    (boots unavailable)
Stlth   +                        (no amulet)
HPRegen 1.10/turn                g - ring of protection from cold
MPRegen 0.10/turn                (no ring)

@: heavily drained
A: large, unfitting armour, claws 3, regeneration 1, shaggy fur 1, tough skin 1
a: Renounce Religion, Recall Undead Harvest


You were on level 6 of the Dungeon.
You worshipped Yredelemnul.
Yredelemnul was noncommittal.
You visited 1 branch of the dungeon, and saw 6 of its levels.

You collected 229 gold pieces.
You spent 66 gold pieces at shops.

Inventory:

Hand Weapons
 q - the +6 dagger "Mecas" {flame, Dex+7}
   (You found it on level 2 of the Dungeon)

   Dex:       It affects your dexterity (+7).
 B - a +0 giant spiked club
Missiles
 y - 5 poisoned darts (quivered)
 z - a large rock
Armour
 b - a +0 hat (worn)
 n - a +0 robe of positive energy (worn)
 v - a scarf of resistance (worn)
Jewellery
 g - a ring of protection from cold (left claw)
 s - a ring of see invisible
Wands
 k - a wand of paralysis (9)
 w - a wand of polymorph (12)
Scrolls
 c - 6 scrolls of teleportation {unknown}
 h - 4 scrolls of blinking {unknown}
 j - a scroll of fog {unknown}
 l - 2 scrolls of enchant armour {unknown}
 o - a scroll of fear {unknown}
 p - 7 scrolls of identify {unknown}
 r - 3 scrolls of acquirement {unknown}
 t - 2 scrolls of poison {unknown}
 A - 2 scrolls of brand weapon {unknown}
Potions
 a - a potion of resistance {unknown}
 d - a potion of degeneration {unknown}
 e - a potion of haste {unknown}
 f - 2 potions of magic {unknown}
 i - 2 potions of flight {unknown}
 u - 4 potions of brilliance {unknown}
 x - a potion of invisibility {unknown}
 C - a potion of lignification {unknown}


   Skills:
 + Level 4.1 Fighting
 - Level 0.2 Short Blades
 + Level 4.5 Throwing
 - Level 2.4 Dodging
 - Level 0.1 Stealth
 * Level 6.7 Unarmed Combat


You had 6 spell levels left.
You didn't know any spells.
Your spell library contained the following spells:

 Spells                   Type           Power      Damage    Failure   Level
 Magic Dart               Conj           0%         1d3       50%         1
 Call Imp                 Summ           0%         N/A       65%         2
 Mephitic Cloud           Conj/Pois/Air  0%         N/A       86%         3
 Stone Arrow              Conj/Erth      0%         3d7       86%         3
 Animate Armour           Summ/Erth      0%         N/A       99%         4
 Lehudib's Crystal Spear  Conj/Erth      0%         10d2      100%        8


Dungeon Overview and Level Annotations

Branches:
Dungeon (6/15)
 Temple: D:4-7

Altars:
Hepliaklqana
Kikubaaqudgha
Makhleb
Nemelex Xobeh
Yredelemnul

Shops:
D:2 [


Innate Abilities, Weirdness & Mutations

You are too large for most types of armour.
You have claws for hands.
Your natural rate of healing is unusually fast.
You are covered in fur. (AC +1)
You have tough skin. (AC +1)


Message History

The wight barely misses your bullfrog zombie.
Your bullfrog zombie completely misses the wight.
The wight hits your bullfrog zombie with a +4 great sword!
Your bullfrog zombie hits the wight but does no damage.
The wight hits your bullfrog zombie with a +4 great sword!!
Your bullfrog zombie is destroyed!
You completely miss the wight.
The wight is lightly damaged.
The wight closely misses you.
You barely miss the wight. You claw the wight, but do no damage.
The wight is lightly damaged.
The wight misses you.
You claw the wight!
The wight is severely damaged.
The wight hits you with a +4 great sword!!
You scratch the wight but do no damage.
The wight is severely damaged.
The wight hits you with a +4 great sword!
* * * LOW HITPOINT WARNING * * *
You partially resist.
You feel drained.
* * * LOW HITPOINT WARNING * * *
You feel better.
The wight hits you with a +4 great sword.
* * * LOW HITPOINT WARNING * * *
You partially resist.
You feel drained.
You feel better. The wight completely misses you.
You barely miss the wight.
The wight is severely damaged.
You scratch the wight.
The wight is almost destroyed.
The wight hits you with a +4 great sword!
* * * LOW HITPOINT WARNING * * *
You partially resist.
You feel drained.
You feel better.
The wight hits you with a +4 great sword!
* * * LOW HITPOINT WARNING * * *
You feel better.
The wight hits you with a +4 great sword!
You die...
Your body rises from the dead as a mindless zombie.

..#####≈≈.#
#.......#
≈≈≈≈≈≈≈≈≈.#
#........
≈≈≈≈≈≈≈≈≈.#
#......#.
..........#
#......#.
####.##.###
#.....### #.##.#
#.....# # #....#
#....## ###.##
#....# ... ##@#
#...## .....# #z##
#...# .....# ##z#
#...# .....#
###zz# ##...#
.[...# #...##
#..<.# .....##
####...## ##...##
......###.......#
#....#
....zzF....#....##
##....#
......zz#####....#
#.....##


You could see 4 wights.

Vanquished Creatures
  A water moccasin (D:6)
  A sky beast (D:6)
  An ogre (D:6)
  2 bullfrogs (D:6)
  2 scorpions
  3 hounds
  A jelly (D:6)
  A gnoll bouda (D:4)
  3 sleepcaps (D:5)
  6 gnolls (D:4)
  5 adders
  An ufetubus (D:5)
  A worm (D:2)
  A dart slug (D:2)
  4 orcs
  10 ball pythons
  7 endoplasms
  A giant cockroach (D:4)
  8 goblins
  5 hobgoblins
  8 kobolds
  2 quokkas
  8 bats
  3 frilled lizards
  3 rats
  A spectral orc (D:4)
89 creatures vanquished.

Vanquished Creatures (others)
  A bullfrog zombie (D:6)
  A sky beast zombie (D:6)
  A jelly zombie (D:6)
  17 plants
20 creatures vanquished.

Grand Total: 109 creatures vanquished

Notes
Turn   | Place    | Note
-------+----------+-------------------------------------------
     0 | D:1      | cheesebisquit the Troll Gladiator began the quest for the
                  | Orb.
     0 | D:1      | Reached XP level 1. HP: 19/19 MP: 0/0
   417 | D:1      | Reached XP level 2. HP: 28/28 MP: 1/1
  1010 | D:2      | Reached XP level 3. HP: 35/35 MP: 2/2
  1105 | D:2      | Found a sparkling altar of Nemelex Xobeh.
  1118 | D:2      | Found Ukonerr's Antique Armour Boutique.
  1122 | D:2      | Reached XP level 4. HP: 44/44 MP: 3/3
  1123 | D:2      | Bought a runed robe for 66 gold pieces
  1222 | D:2      | Identified the +6 dagger "Mecas" {flame, Dex+7}
  1493 | D:3      | Found a faded altar of an unknown god.
  1496 | D:3      | Reached skill level 4 in Unarmed Combat
  2066 | D:3      | Noticed a scorpion
  2074 | D:3      | Killed a scorpion
  2075 | D:3      | Reached XP level 5. HP: 52/52 MP: 4/4
  2447 | D:4      | Found a burning altar of Makhleb.
  2450 | D:4      | Noticed a cacodemon
  2617 | D:4      | Found a basalt altar of Yredelemnul.
  2736 | D:4      | Reached skill level 5 in Unarmed Combat
  2736 | D:4      | Reached XP level 6. HP: 61/61 MP: 5/5
  2811 | D:4      | Found a hazy altar of Hepliaklqana.
  3228 | D:5      | Entered Level 5 of the Dungeon
  3660 | D:5      | Identified the +6 war axe of Destruction {heavy, rC+ Dex+3}
  3734 | D:4      | Became a worshipper of Yredelemnul the Dark
  3905 | D:6      | Found an ancient bone altar of Kikubaaqudgha.
  3936 | D:6      | Noticed a sky beast
  4012 | D:6      | Reached XP level 7. HP: 67/67 MP: 6/6
  4115 | D:6      | Reached * piety under Yredelemnul
  4116 | D:6      | Reached skill level 6 in Unarmed Combat
  4182 | D:6      | Identified the +5 ring mail of Terror {rN+ Str+3 SInv}
  4182 | D:6      | Identified the +2 buckler of Inevitability {rF+}
  4282 | D:6      | Slain by a wight

Illustrated notes

Levels and vault maps discovered:
D:1:      ncdulo_smallfort, layout_basic, hangedman_abyss_or_decor_stabs
D:2:      layout_rooms, basic_altar, serial_shops, shop
D:3:      layout_basic, hellmonk_ecumenical_altar_blasted
D:4:      layout_loops_ring, makhleb_altar_promises_db,
          nicolae_hepliaklqana_hazy_memory, yredelemnul_forgotten_temple_becter
D:5:      layout_rooms
D:6:      layout_cave_pods, mainiacjoe_overflow_boulevard,
          gammafunk_ghost_gnarly_gnolls

Skill      XL: |  1  2  3  4  5  6  7 |
---------------+----------------------+-----
Throwing       | 2 3 4 |  4.5
Fighting       | 2 3 4 |  4.1
Unarmed Combat | 4 5 6 |  6.7
Short Blades   | |  0.2
Dodging        | |  2.4
Stealth        | |  0.1

Action                     |  1- 3 |  4- 6 |  7- 9 || total
---------------------------+-------+-------+-------++-------
  Melee: Unarmed           |    54 |    92 |    32 ||   178
         Punch             |     1 |     3 |     1 ||     5
         Dagger            |       |    11 |       ||    11
  Throw: Throwing net      |     6 |     3 |       ||     9
         Large rock        |     1 |    11 |     2 ||    14
         Dart              |       |    39 |     6 ||    45
  Evoke: Wand              |       |    27 |       ||    27
    Use: Potion            |       |       |     5 ||     5
 Armour: Robe              |     5 |    22 |     7 ||    34
  Dodge: Dodged            |    38 |    41 |    22 ||   101

Table legend: (Time is in decaauts)
 A = Elapsed time spent in this place.
 B = Non-inter-level travel time spent in this place.
 C = Inter-level travel time spent in this place.
 D = Time resting spent in this place.
 E = Time spent auto-exploring this place.
 F = Levels seen in this place.
 G = Mean time per level.
                   A        B        C        D        E       F      G
               +--------+--------+--------+--------+--------+-----+--------+
         Total |   4269 |   3762 |    507 |      0 |   3043 |   6 |  711.5 |
       Dungeon |   4269 |   3762 |    507 |      0 |   3043 |   6 |  711.5 |
               +--------+--------+--------+--------+--------+-----+--------+

Top non-repeatable levels by time:
     D:1: 986 daAuts
     D:3: 961 daAuts
     D:4: 903 daAuts
     D:5: 650 daAuts
     D:2: 465 daAuts
     D:6: 302 daAuts
